 Dungeon Crawl Stone Soup version 0.25-a0-737-g26c3a87c45 (webtiles) character file.

Game seed: 7576420252708102318, levelgen mode: deterministic

7261 DungeonMaster the Fighter (level 11, 0/87 HPs)
             Began as a Gnoll Wanderer on Apr 12, 2020.
             Was a High Priest of Okawaru.
             Succumbed to an orc warrior's poison
             ... on level 11 of the Dungeon.
             The game lasted 00:42:16 (10834 turns).

DungeonMaster the Fighter (Gnoll Wanderer)         Turns: 10834, Time: 00:42:17

Health: 0/87       AC: 16    Str: 18    XL:     11   Next: 12%
Magic:  14/19      EV: 16    Int: 17    God:    Okawaru [*****.]
Gold:   455        SH:  7    Dex: 15    Spells: 21/21 levels left

rFire    + + .     SeeInvis .   a - +2 flail (protect)
rCold    + . .     Gourm    .   k - +0 buckler
rNeg     . . .     Faith    .   l - +0 scale mail
rPois    +         Spirit   +   t - +0 helmet
rElec    +         Reflect  .   (no cloak)
rCorr    +         Harm     .   x - +1 pair of gloves {Str+3} {god gift}
MR       .....                  H - +2 pair of boots
Stlth    +++++.....             v - amulet of guardian spirit
HPRegen  0.24/turn              q - ring of stealth
MPRegen  0.16/turn              n - ring of protection from fire

@: lethally poisoned (0 -> -6), resistant, heroism, stab
A: distributed training, fangs 1, strong nose
a: Heroism, Finesse, Renounce Religion


You were on level 11 of the Dungeon.
You worshipped Okawaru.
Okawaru was extremely pleased with you.
You were not hungry.

You visited 2 branches of the dungeon, and saw 12 of its levels.

You collected 455 gold pieces.

Inventory:

Hand Weapons
 a - a +2 flail of protection (weapon)
 r - a +0 broad axe
 s - a +1 scimitar of freezing
 E - a +3 short sword
 F - a +2 dagger of venom
Missiles
 b - 208 arrows
 d - 192 stones (quivered)
 e - 72 sling bullets
 p - a throwing net {!*}
 w - 83 bolts
Armour
 h - the +1 leather armour of Hide-and-Seek {rPois rC- Dex+2}
   (You found it on level 8 of the Dungeon)

   It affects your dexterity (+2).
   It makes you vulnerable to cold.
   It protects you from poison.
 k - a +0 buckler (worn)
 l - a +0 scale mail (worn)
 t - a +0 helmet (worn)
 x - a +1 pair of gloves of strength (worn) {god gift}
 H - a +2 pair of boots (worn)
Jewellery
 n - a ring of protection from fire (right hand)
 q - a ring of stealth (left hand)
 v - an amulet of guardian spirit (around neck)
 A - an uncursed ring of see invisible
 C - the amulet of Paash {Inacc rF+ Str+4, unknown}
   (You found it on level 11 of the Dungeon)

   [amulet of inaccuracy]

   It reduces the accuracy of all your attacks.
   It affects your strength (+4).
   It protects you from fire.
 D - an uncursed ring of magical power {unknown}
Wands
 y - a wand of polymorph (8)
 B - a wand of random effects (39)
Scrolls
 c - 5 scrolls of teleportation
 j - a scroll of magic mapping
 o - 3 scrolls of remove curse
Potions
 g - 3 potions of brilliance
 i - 3 potions of flight
Comestibles
 f - 18 rations


   Skills:
 + Level 8.9(13.9) Fighting
 + Level 7.5(12.5) Short Blades
 + Level 6.5(11.5) Long Blades
 + Level 5.9(10.9) Axes
 + Level 5.9(10.9) Maces & Flails
 + Level 5.9(10.9) Polearms
 + Level 5.9(10.9) Staves
 + Level 5.9(10.9) Slings
 + Level 5.9(10.9) Bows
 + Level 5.9(10.9) Crossbows
 + Level 5.9(10.9) Throwing
 + Level 5.9(10.9) Armour
 + Level 5.9(10.9) Dodging
 + Level 7.3(12.3) Stealth
 + Level 7.5(12.5) Shields
 + Level 5.9(10.9) Unarmed Combat
 + Level 5.9 Spellcasting
 + Level 4.8 Conjurations
 + Level 4.8 Hexes
 + Level 4.8 Charms
 + Level 4.8 Summonings
 + Level 4.8 Necromancy
 + Level 4.8 Translocations
 + Level 4.8 Transmutations
 + Level 4.8 Fire Magic
 + Level 4.8 Ice Magic
 + Level 4.8 Air Magic
 + Level 4.8 Earth Magic
 + Level 4.8 Poison Magic
 + Level 6.4 Invocations
 + Level 5.9 Evocations


You had 21 spell levels left.
You didn't know any spells.
Your spell library was empty.

Dungeon Overview and Level Annotations

Branches:
Dungeon (11/15)            Temple (1/1) D:6            Lair (0/6) D:8
    Orc (0/2) D:11

Altars:
Dithmenos
Elyvilon
Gozag
Kikubaaqudgha
Makhleb
Okawaru
Qazlal
Ru
Sif Muna
Uskayaw
Wu Jian
Xom

Shops:
D:7 *   D:9 (=(

Annotations:
D:5 1 runed translucent door, dumpf's ghost, novice HuCj


Innate Abilities, Weirdness & Mutations

Your experience applies equally to all skills.
You have very sharp teeth.
Your uncanny sense of smell can sniff out nearby items.


Message History

a +0 trident; a potion of degeneration; an orc skeleton
* * * LOW HITPOINT WARNING * * *
You feel sick.
Things that are here:
a +0 robe; a +0 dagger
* * * LOW HITPOINT WARNING * * *
You feel sick.
Things that are here:
a +0 leather armour; a +0 club
* * * LOW HITPOINT WARNING * * *
You feel sick.
* * * LOW HITPOINT WARNING * * *
You feel sick.
* * * LOW HITPOINT WARNING * * *
You feel sick.
* * * LOW HITPOINT WARNING * * *
You feel sick.
* * * LOW HITPOINT WARNING * * *
You feel sick.
You die...

###############
#......@..%....
##########..............
#........#[..[.....##...
#........[().[...>......
#........#).#.....(....
#........#..#....!...(..
...(.....#.........(....
#........###############
#...........#


There were no monsters in sight!

Vanquished Creatures
  A two-headed ogre (D:9)
  A gargoyle (D:11)
  A wraith (D:11)
  10 yaks
  A wyvern (D:9)
  Grum (D:9)
  2 wargs (D:8)
  4 ice beasts
  A sky beast (D:11)
  A black bear (D:11)
  3 orc warriors
  A phantom (D:8)
  3 ogres
  2 necrophages
  2 wolves (D:9)
  A tengu (D:9)
  3 centaurs
  2 big kobolds
  3 bullfrogs
  6 scorpions
  4 wights (D:11)
  2 howler monkeys (D:11)
  6 crimson imps
  2 centaur zombies
  2 jellies (D:9)
  4 orc priests
  A bullfrog skeleton (D:11)
  8 hounds
  5 orc wizards
  A gnoll shaman (D:8)
  Jessica (D:3)
  2 centaur skeletons
  5 iguanas
  4 worker ants
  A hound skeleton (D:9)
  2 howler monkey zombies
  8 gnolls
  12 adders
  A shadow imp (D:9)
  2 adder zombies
  A worm (D:4)
  A dart slug (D:4)
  5 leopard geckos
  29 orcs
  A bat (D:1)
  A giant cockroach (D:6)
  5 hobgoblins
  11 kobolds
  3 quokkas
  7 frilled lizards
  6 goblins
  A leopard gecko skeleton (D:5)
  A quokka zombie (D:9)
  4 rats
198 creatures vanquished.

Vanquished Creatures (collateral kills)
  A gnoll (D:9)
1 creature vanquished.

Vanquished Creatures (others)
  An orc wizard (D:10)
  A kobold (D:10)
2 creatures vanquished.

Grand Total: 201 creatures vanquished

Notes
Turn   | Place    | Note
-------+----------+-------------------------------------------
     0 | D:1      | DungeonMaster the Gnoll Wanderer began the quest for the
                  | Orb.
     0 | D:1      | DungeonMaster set off with the following items: a +2 short
                  | sword, a +0 quarterstaff, a scroll of teleportation, a +0
                  | robe, a +0 dagger, a ration
     0 | D:1      | Reached XP level 1. HP: 23/23 MP: 1/1
   160 | D:2      | Reached XP level 2. HP: 24/29 MP: 2/2
   439 | D:4      | Reached skill level 1 in Invocations
   439 | D:4      | Reached XP level 3. HP: 22/35 MP: 2/4
   554 | D:4      | Reached skill level 1 in Axes
   554 | D:4      | Reached skill level 1 in Maces & Flails
   554 | D:4      | Reached skill level 1 in Polearms
   554 | D:4      | Reached skill level 1 in Staves
   554 | D:4      | Reached skill level 1 in Slings
   554 | D:4      | Reached skill level 1 in Bows
   554 | D:4      | Reached skill level 1 in Crossbows
   554 | D:4      | Reached skill level 1 in Throwing
   554 | D:4      | Reached skill level 1 in Armour
   554 | D:4      | Reached skill level 1 in Dodging
   554 | D:4      | Reached skill level 1 in Unarmed Combat
   554 | D:4      | Reached skill level 1 in Spellcasting
   554 | D:4      | Reached skill level 1 in Evocations
   554 | D:4      | Reached XP level 4. HP: 27/41 MP: 5/5
   733 | D:4      | Reached skill level 1 in Conjurations
   733 | D:4      | Reached skill level 1 in Hexes
   733 | D:4      | Reached skill level 1 in Charms
   733 | D:4      | Reached skill level 1 in Summonings
   733 | D:4      | Reached skill level 1 in Necromancy
   733 | D:4      | Reached skill level 1 in Translocations
   733 | D:4      | Reached skill level 1 in Transmutations
   733 | D:4      | Reached skill level 1 in Fire Magic
   733 | D:4      | Reached skill level 1 in Ice Magic
   733 | D:4      | Reached skill level 1 in Air Magic
   733 | D:4      | Reached skill level 1 in Earth Magic
   733 | D:4      | Reached skill level 1 in Poison Magic
   733 | D:4      | Reached XP level 5. HP: 15/47 MP: 5/7
   768 | D:4      | HP: 2/47 [poisoned by a scorpion]
  1306 | D:3      | Noticed Jessica
  1334 | D:3      | Killed Jessica
  1840 | D:2      | Reached XP level 6. HP: 45/53 MP: 8/8
  2353 | D:4      | Found a shadowy altar of Dithmenos.
  2443 | D:4      | Found an ancient bone altar of Kikubaaqudgha.
  2510 | D:4      | Reached skill level 5 in Short Blades
  2510 | D:4      | Reached skill level 5 in Shields
  2590 | D:5      | Entered Level 5 of the Dungeon
  2818 | D:5      | Reached XP level 7. HP: 39/59 MP: 10/10
  3055 | D:5      | Noticed dumpf's ghost (novice HuCj)
  3058 | D:5      | Found a runed translucent door.
  3144 | D:5      | Reached skill level 7 in Fighting
  3291 | D:6      | Found a hide-covered altar of Uskayaw.
  3306 | D:6      | Found a staircase to the Ecumenical Temple.
  3357 | Temple   | Entered the Ecumenical Temple
  3401 | Temple   | Became a worshipper of Warmaster Okawaru
  3481 | D:6      | Reached skill level 5 in Stealth
  3910 | D:6      | Reached * piety under Okawaru
  3910 | D:6      | Reached XP level 8. HP: 54/67 MP: 12/12
  4174 | D:7      | Found an opulent altar of Gozag.
  4178 | D:7      | Found Gozag's Platinum Reserve.
  4751 | D:6      | HP: 2/67 [orc warrior/+1 vorpal trident (3)]
  5358 | D:7      | Reached ** piety under Okawaru
  5379 | D:7      | Found a white marble altar of Elyvilon.
  5535 | D:8      | Found a staircase to the Lair.
  5593 | D:8      | Reached XP level 9. HP: 56/72 MP: 14/14
  5953 | D:8      | Got an amethyst-encrusted leather armour
  5966 | D:8      | Identified the +1 leather armour of Hide-and-Seek {rPois
                  | rC- Dex+2} (You found it on level 8 of the Dungeon)
  6952 | D:9      | Reached *** piety under Okawaru
  6952 | D:9      | Reached skill level 5 in Long Blades
  6971 | D:9      | Reached skill level 8 in Fighting
  7117 | D:9      | Noticed a two-headed ogre
  7152 | D:9      | Killed a two-headed ogre
  7152 | D:9      | Reached **** piety under Okawaru
  7152 | D:9      | Received a gift from Okawaru
  7152 | D:9      | Reached skill level 5 in Invocations
  7152 | D:9      | Reached XP level 10. HP: 44/80 MP: 14/17
  7411 | D:9      | Noticed Erolcha
  7421 | D:9      | Found Asujy's Weapon Boutique.
  7998 | D:9      | Reached skill level 5 in Axes
  7998 | D:9      | Reached skill level 5 in Maces & Flails
  7998 | D:9      | Reached skill level 5 in Polearms
  7998 | D:9      | Reached skill level 5 in Staves
  7998 | D:9      | Reached skill level 5 in Slings
  7998 | D:9      | Reached skill level 5 in Bows
  7998 | D:9      | Reached skill level 5 in Crossbows
  7998 | D:9      | Reached skill level 5 in Throwing
  7998 | D:9      | Reached skill level 5 in Armour
  7998 | D:9      | Reached skill level 5 in Dodging
  7998 | D:9      | Reached skill level 5 in Unarmed Combat
  7998 | D:9      | Reached skill level 5 in Spellcasting
  7998 | D:9      | Reached skill level 5 in Evocations
  8247 | D:9      | Found Coblies's Antique Weapon Shop.
  8323 | D:9      | Noticed Erolcha
  8323 | D:9      | Erolcha changed into Erolcha the yak
  8334 | D:9      | Killed Erolcha the yak
  8334 | D:9      | Received a gift from Okawaru
  8439 | D:9      | Found Zaadd's Jewellery Emporium.
  8502 | D:9      | Noticed Grum
  8527 | D:9      | Killed Grum
  8695 | D:10     | Entered Level 10 of the Dungeon
  9150 | D:10     | Reached ***** piety under Okawaru
  9763 | D:11     | Noticed a gargoyle
  9783 | D:11     | HP: 3/82 [gargoyle/stone arrow (12)]
  9786 | D:11     | Killed a gargoyle
 10093 | D:11     | Received a gift from Okawaru
 10113 | D:11     | Got a heavily runed copper amulet
 10131 | D:11     | Reached XP level 11. HP: 80/87 MP: 17/19
 10251 | D:11     | Found a staircase to the Orcish Mines.
 10829 | D:11     | HP: 4/87 [poisoned by an orc warrior]
 10833 | D:11     | HP: 1/87 [poisoned by an orc warrior]
 10834 | D:11     | Succumbed to an orc warrior's poison

Levels and vault maps discovered:
D:1:      dpeg_arrival_solitude, layout_rooms, serial_forest,
          infiniplex_forest_end_2, infiniplex_forest_clump_small,
          infiniplex_forest_straight_2, infiniplex_forest_side_room,
          infiniplex_forest_straight_2, infiniplex_forest_lined_3,
          infiniplex_forest_lined_3, infiniplex_forest_clump_small
D:2:      layout_basic, minmay_fractal_squares_gapless_5
D:3:      kennysheep_six_static_rooms, layout_loops_ring, first_ration,
          serial_glass, glass_columns_c, glass_columns_a, glass_columns_c,
          glass_columns_c, glass_columns_b, glass_columns_a, glass_columns_c,
          glass_columns_c, uniq_grinder, uniq_jessica
D:4:      layout_cave_pools, nicolae_overflow_crystal_walls, kennysheep_mini,
          hangedman_abyss_or_decor_stagger
D:5:      layout_basic, hellmonk_ghost_happy_afterlife, uniq_menkaure
D:6:      layout_basic, minmay_temple_entry_trees, basic_altar,
          palyth_stone_intersect, uniq_crazy_yiuf_cottage
D:7:      layout_gridville, nicolae_gozag_zags_fifth_avenue, elyvilon_altar_3,
          serial_co_window_serial, co_window_of_opportunity_a,
          co_window_corner_a, co_window_corner_a, co_window_paths_a,
          co_window_corner_a, co_window_2corner, co_window_broadway_c,
          co_window_corner_ca, co_window_unsneaky_path_e, co_window_corner_b,
          glass_columns_a, glass_columns_a, minivault_4
D:8:      layout_basic, erik_lair_orcish_takeover
D:9:      layout_long_grid, serial_shops, shop, shop, shop, uniq_grum,
          uniq_erolcha
D:10:     layout_basic
D:11:     layout_roguey, erik_orc_1
Temple:   compressed_dpeg_circular_temple

Skill      XL: |  1  2  3  4  5  6  7  8  9 10 |
---------------+-------------------------------+-----
Invocations    | 1 2 3 4 5 6 |  6.4
Axes           | 1 2 3 4 5 |  5.9
Maces & Flails | 1 2 3 4 5 |  5.9
Polearms       | 1 2 3 4 5 |  5.9
Staves         | 1 2 3 4 5 |  5.9
Slings         | 1 2 3 4 5 |  5.9
Bows           | 1 2 3 4 5 |  5.9
Crossbows      | 1 2 3 4 5 |  5.9
Throwing       | 1 2 3 4 5 |  5.9
Armour         | 1 2 3 4 5 |  5.9
Dodging        | 1 2 3 4 5 |  5.9
Unarmed Combat | 1 2 3 4 5 |  5.9
Spellcasting   | 1 2 3 4 5 |  5.9
Evocations     | 1 2 3 4 5 |  5.9
Conjurations   | 1 2 3 4 |  4.8
Hexes          | 1 2 3 4 |  4.8
Charms         | 1 2 3 4 |  4.8
Summonings     | 1 2 3 4 |  4.8
Necromancy     | 1 2 3 4 |  4.8
Translocations | 1 2 3 4 |  4.8
Transmutations | 1 2 3 4 |  4.8
Fire Magic     | 1 2 3 4 |  4.8
Ice Magic      | 1 2 3 4 |  4.8
Air Magic      | 1 2 3 4 |  4.8
Earth Magic    | 1 2 3 4 |  4.8
Poison Magic   | 1 2 3 4 |  4.8
Long Blades    | 3 4 5 6 |  6.5
Short Blades   | 5 6 7 |  7.5
Shields        | 5 6 7 |  7.5
Fighting       | 7 8 |  8.9
Stealth        | 5 6 7 |  7.3

Action                   |  1- 3 |  4- 6 |  7- 9 | 10-12 || total
-------------------------+-------+-------+-------+-------++-------
Melee: Short sword       |    43 |    15 |       |       ||    58
       Bite              |     5 |    16 |    41 |    62 ||   124
       Mace              |       |   115 |   143 |       ||   258
       Trident           |       |       |   144 |       ||   144
       Flail             |       |       |    69 |   453 ||   522
       Scimitar          |       |       |       |     7 ||     7
       Unarmed           |       |       |       |     8 ||     8
Throw: Stone             |     5 |    13 |    74 |    48 ||   140
       Dart              |       |    21 |     5 |       ||    26
       Throwing net      |       |       |     1 |       ||     1
Invok: Heroism           |       |       |     3 |     8 ||    11
Evoke: Wand              |       |       |     4 |    10 ||    14
  Use: Scroll            |       |     7 |     6 |     7 ||    20
       Potion            |       |       |     5 |     5 ||    10
 Stab: Sleeping          |     1 |     2 |     5 |     5 ||    13
       Held in net/web   |       |       |     1 |       ||     1
       Distracted        |       |       |       |     1 ||     1
  Eat: Chunk             |       |     6 |    14 |    13 ||    33
Armor: Ring mail         |     8 |    20 |       |       ||    28
       Leather armour    |       |     5 |    32 |       ||    37
       Chain mail        |       |       |    20 |       ||    20
       Scale mail        |       |       |    51 |   164 ||   215
Dodge: Dodged            |    14 |    73 |   161 |   259 ||   507
Block: Buckler           |       |    33 |   108 |   134 ||   275

Table legend:
 A = Non-vault XP
 B = Vault XP
 C = Vault XP percentage of total XP
 D = Non-vault monster count
 E = Vault monster count
 F = Vault count percentage of total count
                 A         B        C        D         E       F
            +---------+---------+-------+---------+---------+-------
      Total |    8850 |    1523 |  14.7 |     165 |      35 |  17.5
            +---------+---------+-------+---------+---------+-------
        D:1 |       2 |       0 |   0.0 |       1 |       0 |   0.0
        D:2 |      79 |       7 |   8.1 |      18 |       5 |  21.7
        D:3 |      68 |      45 |  39.8 |       7 |       6 |  46.2
        D:4 |     327 |       0 |   0.0 |      13 |       0 |   0.0
        D:5 |     278 |       0 |   0.0 |      15 |       0 |   0.0
        D:6 |     679 |       0 |   0.0 |      15 |       0 |   0.0
        D:7 |     694 |       0 |   0.0 |      11 |       0 |   0.0
        D:8 |     658 |     467 |  41.5 |      12 |       7 |  36.8
        D:9 |    2620 |     624 |  19.2 |      23 |       4 |  14.8
       D:10 |    1551 |       0 |   0.0 |      24 |       0 |   0.0
       D:11 |    1894 |     380 |  16.7 |      26 |      13 |  33.3
            +---------+---------+-------+---------+---------+-------
